 Dungeon Crawl Stone Soup version 0.31-a0-232-gb1c03b2570 (webtiles) character file.

Game seed: 473066056254062045

50 qw the Shooter (level 3, -4/29 HPs)
             Began as a Minotaur Hexslinger on July 7, 2023.
             Killed from afar by Natasha (6 damage)
             ... with a magic dart
             ... on level 2 of the Dungeon.
             The game lasted 00:00:24 (934 turns).

qw the Shooter (Minotaur Hexslinger)                 Turns: 934, Time: 00:00:26

Health: -4/29      AC:  6    Str: 12    XL:     3   Next: 55%
Magic:  3/3        EV: 11    Int: 10    God:
Gold:   55         SH:  5    Dex: 14    Spells: 3/4 levels left

rFire   . . .        Y - +2 sling
rCold   . . .        (no shield)
rNeg    . . .        p - +0 ring mail
rPois   .            (helmet restricted)
rElec   .            (no cloak)
rCorr   .            f - +0 pair of gloves
SInv    .            (no boots)
Will    .....        l - amulet of reflection
Stlth   +            (no ring)
HPRegen 0.24/turn    (no ring)
MPRegen 0.08/turn

%: reflection
@: about to teleport, slowed, very slow
A: horns 2, retaliatory headbutt
a: no special abilities


You were on level 2 of the Dungeon.
You visited 1 branch of the dungeon, and saw 2 of its levels.

You collected 55 gold pieces.


Innate Abilities, Weirdness & Mutations

You have a pair of horns on your head.
You reflexively headbutt those who attack you in melee.


   Skills:
 - Level 2.0 Fighting
 - Level 4.0 Ranged Weapons
 + Level 0.5 Armour
 - Level 2.1 Dodging
 - Level 1.0 Spellcasting
 - Level 2.0 Hexes


You had 3 spell levels left.
You knew the following spells:

 Your Spells              Type           Power      Damage    Failure   Level
a - Slow                  Hex            16%        N/A       34%         1

Your spell library contained the following spells:

 Spells                   Type           Power      Damage    Failure   Level
 Inner Flame              Hex/Fire       2%         N/A       83%         3
 Portal Projectile        Hex/Tloc       4%         N/A       83%         3
 Cause Fear               Hex            2%         N/A       98%         4

Inventory:

Hand Weapons
 Y - a +2 sling (weapon)
Armour
 f - a +0 pair of gloves (worn)
 p - a +0 ring mail (worn)
Jewellery
 l - an amulet of reflection (around neck)
Scrolls
 j - a scroll of teleportation
Potions
 a - a potion of lignification {unknown}
 b - a potion of mutation {unknown}
 g - a potion of heal wounds {unknown}
 h - a potion of enlightenment
 i - a potion of ambrosia {unknown}
 k - a potion of attraction {unknown}
 m - a potion of might {unknown}
 n - a potion of degeneration {unknown}

Dungeon Overview and Level Annotations

Branches:
Dungeon (2/15)

Altars:

Annotations:
D:2 Natasha


Message History

The sling bullet hits Natasha but does no damage.
Natasha is moderately wounded.
Natasha stares at you and mumbles some strange words.
You feel as though you will be slow longer.
Natasha closely misses you.
You shoot a sling bullet. The sling bullet barely misses Natasha.
Natasha stares at you and mumbles some strange words.
The magic dart hits you but does no damage.
You block Natasha's attack.
You shoot a sling bullet.
The sling bullet closely misses Natasha.
Natasha stares at you and mumbles some strange words.
The magic dart hits you. Natasha closely misses you.
You shoot a sling bullet. The sling bullet barely misses Natasha.
Natasha claws you.
Natasha stares at you and mumbles some strange words.
You feel as though you will be slow longer.
You shoot a sling bullet. The sling bullet hits Natasha.
Natasha is heavily wounded.
A bat comes into view.
Natasha claws you but does no damage.
Natasha stares at you and mumbles some strange words.
The magic dart hits you.
You shoot a sling bullet. The sling bullet barely misses Natasha.
Natasha claws you. x2
You shoot a sling bullet.
The sling bullet closely misses Natasha.
The bat barely misses you. The bat hits you. The bat barely misses you.
You furiously retaliate!
You headbutt the bat.
You kill the bat!
Natasha closely misses you. Natasha claws you!
933 ||| READING 2 scrolls of teleportation.
As you read the scroll of teleportation, it crumbles to dust.
You feel strangely unstable. Natasha casts a spell at you.
The magic dart hits you.
You shoot a sling bullet. The sling bullet barely misses Natasha.
Natasha stares at you and mumbles some strange words.
The magic dart hits you.
You die...

## #.......+......##
..#####.......#####..#
#.............##.....#
#.........)...##.....#
#.............##.....#
#..........########..##
##............%.......<.
............########..##
##....@%...########..#.
#...h.....#........##.
.......######.#########.
....... #........<..
....... #####.......
....... #####..#.#.#
....... .............
....... .....>...##..
.........##..


You could see Natasha.

Vanquished Creatures
  2 adders (D:2)
  A dart slug (D:1)
  3 ball pythons
  3 bats
  2 endoplasms (D:1)
  3 giant cockroaches (D:1)
  3 goblins
  A hobgoblin (D:1)
  4 kobolds (D:1)
  3 quokkas
  2 rats (D:1)
27 creatures vanquished.

Notes
Turn   | Place    | Note
-------+----------+-------------------------------------------
     0 | D:1      | qw the Minotaur Hexslinger began the quest for the Orb.
     0 | D:1      | Reached XP level 1. HP: 16/16 MP: 1/1
     0 | D:1      | 0 ||| qw: Version: 0.3-a-46-gb1f654a
     0 | D:1      | 0 ||| qw: Game counter: 2511
     0 | D:1      | 0 ||| qw: Melee chars always use a shield: true
     0 | D:1      | 0 ||| qw: God list: Okawaru
     0 | D:1      | 0 ||| qw: Allow faded altars: false
     0 | D:1      | 0 ||| qw: Do Orc after clearing Dungeon:15 true
     0 | D:1      | 0 ||| qw: Do second Lair branch before Depths: true
     0 | D:1      | 0 ||| qw: Lair rune preference: random
     0 | D:1      | 0 ||| qw: Goals: Normal
     0 | D:1      | 0 ||| PLANNING D:1-11
    81 | D:1      | Reached skill level 3 in Ranged Weapons
   107 | D:1      | Reached XP level 2. HP: 23/23 MP: 2/2
   707 | D:1      | 707 ||| UPGRADING to +0 leather armour.
   717 | D:1      | 717 ||| DROPPING +0 robe.
   718 | D:1      | 718 ||| UPGRADING to +0 pair of gloves.
   723 | D:1      | 723 ||| UPGRADING to +0 ring mail.
   733 | D:1      | 733 ||| DROPPING +0 leather armour.
   734 | D:1      | 734 ||| UPGRADING to amulet of reflection.
   739 | D:1      | 739 ||| READING scroll labelled IMMIRITOCSEL.
   740 | D:1      | 740 ||| READING 2 scrolls labelled GYMIET QIFI.
   743 | D:1      | 743 ||| READING scroll labelled BEJOZX QOCINT.
   744 | D:1      | 744 ||| DRINKING 2 ruby potions.
   745 | D:1      | 745 ||| DROPPING scroll of poison.
   802 | D:2      | Reached XP level 3. HP: 27/29 MP: 3/3
   886 | D:2      | Reached skill level 4 in Ranged Weapons
   919 | D:2      | Noticed Natasha
   932 | D:2      | HP: 6/29 [Natasha (8)]
   933 | D:2      | 933 ||| READING 2 scrolls of teleportation.
   933 | D:2      | HP: 2/29 [Natasha/magic dart (5)]
   934 | D:2      | Killed from afar by Natasha

Levels and vault maps discovered:
D:1:      roderic_octagonal_star, layout_loops_ring, corexii_leaking_fountain
D:2:      layout_basic, hellmonk_ecumenical_altar_prayer_group, uniq_natasha

Skill      XL: |  1  2  3 |
---------------+----------+-----
Ranged Weapons | 3 4 |  4.0
Fighting       | 2 |  2.0
Armour         | |  0.5
Dodging        | |  2.1
Spellcasting   | |  1.0
Hexes          | |  2.0

Action                     || total
---------------------------++-------
   Fire: Sling             ||    95
    Use: Scroll            ||     4
         Potion            ||     1
 Armour: Robe              ||     6
         Ring mail         ||     9
  Dodge: Dodged            ||    41
  Block: Other             ||     7

Table legend:
 A = Non-vault XP
 B = Vault XP
 C = Vault XP percentage of total XP
 D = Non-vault monster count
 E = Vault monster count
 F = Vault count percentage of total count
                 A         B        C        D         E       F
            +---------+---------+-------+---------+---------+-------
      Total |      72 |       0 |   0.0 |      27 |       0 |   0.0
            +---------+---------+-------+---------+---------+-------
        D:1 |      38 |       0 |   0.0 |      20 |       0 |   0.0
        D:2 |      34 |       0 |   0.0 |       7 |       0 |   0.0
            +---------+---------+-------+---------+---------+-------
